 Dungeon Sprint DCSS version 0.21-a0-297-ga3d34c2 (webtiles) character file.

9797 potatolord6000 the Martial Artist (level 11, 0/90 HPs)
             Began as a Gnoll Transmuter on Sept 28, 2017.
             Was a High Priest of Sif Muna.
             Slain by an orc knight
             ... wielding a +0 long sword
              (25 damage)
             ... in the Dungeon (Sprint IX: "|||||||||||||||||||||||||||||").
             The game lasted 00:07:45 (2103 turns).

potatolord6000 the Martial Artist (GnTm)            Turns: 2103, Time: 00:07:46

Health: 0/90       AC: 10    Str: 15    XL:     11   Next: 52%
Magic:  23/36      EV: 21    Int: 20    God:    Sif Muna [*****.]
Gold:   1271       SH:  0    Dex: 20    Spells: 24/33 levels left

rFire    . . .     SeeInvis .     - Unarmed
rCold    . . .     Gourm    .   (shield currently unavailable)
rNeg     . . .     Faith    .   b - +0 robe
rPois    .         Spirit   .   p - +3 hat of Pondering {ponderous, MR+ MP+10 Int+5}
rElec    .         Reflect  .   a - +0 cloak
rCorr    .         Harm     .   (gloves currently unavailable)
MR       +....     NoTele   +   y - +0 pair of boots
Stlth    +++++.....             (no amulet)
HPRegen  0.25/turn              n - +3 ring of dexterity
MPRegen  0.25/turn              o - +2 ring of protection

@: blade hands, slow
A: distributed training, fangs 1, strong nose
a: End Transformation, Divine Energy, Channel Magic, Forget Spell, Renounce
Religion


You were in the Dungeon.
You worshipped Sif Muna.
Sif Muna was extremely pleased with you.
You were full.
You had blades for hands.
You visited 1 branch You collected 1271 gold pieces.

Inventory:

Hand Weapons
 v - the +4 dagger of Dismemberment (melded) {flame, Str+2}
   (You found it in the Dungeon)

   It has been specially enchanted to burn those struck by it, causing extra
   injury to most foes and up to half again as much damage against particularly
   susceptible opponents.
   It affects your strength (+2).
Armour
 a - a +0 cloak (worn)
 b - a +0 robe (worn)
 m - a +0 pair of gloves (melded)
 p - the +3 hat of Pondering (worn) {ponderous, MR+ MP+10 Int+5}
   (You took it off Gastronok in the Dungeon)

   It affects your intelligence (+5).
   It affects your resistance to hostile enchantments.
   It affects your magic capacity (+10).
 y - a +0 pair of boots (worn)
Jewellery
 n - a +3 ring of dexterity (left scythe-like blade)
 o - a +2 ring of protection (right scythe-like blade)
Scrolls
 j - 5 scrolls of remove curse
 k - a scroll of amnesia
 l - 2 scrolls of blinking
 s - a scroll of fog
 t - a scroll of identify
 u - a scroll of fear
Potions
 g - a potion of haste
 h - 4 potions of magic
 i - 5 potions of curing
 r - 2 potions of brilliance
Books
 c - a book of Changes

   Spells                             Type                      Level
   a - Beastly Appendage              Transmutation                1
   b - Sticks to Snakes               Transmutation                2
   c - Spider Form                    Transmutation/Poison         3
   d - Ice Form                       Ice/Transmutation            4
   e - Blade Hands                    Transmutation                5
Comestibles
 d - 13 bread rations
 w - 40 fruits
 x - 10 meat rations


   Skills:
 + Level 9.9 Fighting
 + Level 10.0 Short Blades
 + Level 9.8 Long Blades
 + Level 10.3 Axes
 + Level 10.1 Maces & Flails
 + Level 10.0 Polearms
   Level 10.4 Staves
 + Level 9.6 Slings
 + Level 9.8 Bows
 + Level 10.0 Crossbows
 + Level 9.8 Throwing
 + Level 9.6 Armour
 + Level 10.8 Dodging
 + Level 10.0 Stealth
   Level 0.0 Stabbing
 + Level 9.8 Shields
   Level 0.0 Traps
 + Level 11.6 Unarmed Combat
 + Level 11.5 Spellcasting
 + Level 9.9 Conjurations
 + Level 9.8 Hexes
 + Level 10.1 Charms
 + Level 10.1 Summonings
 + Level 10.0 Necromancy
 + Level 10.0 Translocations
 + Level 10.8 Transmutations
 + Level 9.6 Fire Magic
 + Level 10.0 Ice Magic
 + Level 10.3 Air Magic
 + Level 9.8 Earth Magic
 + Level 10.4 Poison Magic
 + Level 10.0 Invocations
   Level 9.4 Evocations


You had 24 spell levels left.
You knew the following spells:

 Your Spells              Type           Power        Failure   Level  Hunger
b - Ice Form              Ice/Tmut       ######..     14%         4    #......
c - Blade Hands           Tmut           ######....   21%         5    ####...


Dungeon Overview and Level Annotations

Branches:
Dungeon (1/1)

Altars:
Cheibriados
Dithmenos
Elyvilon
Fedhas
Gozag
Hepliaklqana
Kikubaaqudgha
Makhleb
Nemelex Xobeh
Okawaru
Qazlal
Ru
Sif Muna
Trog
Uskayaw
Vehumet
Wu Jian
Xom
Yredelemnul
Zin
The Shining One
Beogh
Jiyva
Lugonu

Shops:
D (*


Innate Abilities, Weirdness & Mutations

Your experience applies equally to all skills.
You have very sharp teeth.
Your uncanny sense of smell can sniff out nearby items.


Message History

The orc knight's wounds heal themselves!
The orc knight hits you with a long sword.
* * * LOW HITPOINT WARNING * * *
Unknown command.
You slash the orc knight!
The orc knight is moderately wounded.
The orc high priest completely misses you.
Unknown command.
You hit the orc knight but do no damage.
You slash the orc knight, but do no damage.
The orc knight is moderately wounded.
The orc knight misses you.
The orc high priest hits you from afar with a trident.
* * * LOW HITPOINT WARNING * * *
Unknown command.
You hit the orc knight but do no damage.
You bite the orc knight, but do no damage.
The orc knight is moderately wounded.
The orc knight hits you with a long sword!!
You die...

∆∆∆∆∆∆∆ ∆∆∆∆ ∆∆∆∆
▓▓▓▓▓▓▓▓▓▓▓▓▓▓▓▓▓▓▓▓▓▓▓▓
[.'))))).......'@oooooo∩∆ ∆ ∆∆∆∆∆
▓▓▓▓▓▓▓▓▓▓▓▓▓▓▓▓▓▓▓▓▓▓▓▓▓▓▓▓▓▓▓▓▓
..............†:.................
▓▓▓▓▓▓▓▓▓▓▓▓▓▓▓▓▓▓▓▓▓▓▓▓▓▓▓▓▓▓▓▓▓
......'†.:††÷...'.†......[..)'...
▓▓▓▓▓▓▓▓▓▓▓▓▓▓▓▓▓▓▓▓▓▓▓▓▓▓▓▓▓▓▓▓▓
.................................
▓▓▓▓▓▓▓▓▓▓▓▓▓▓▓▓▓▓▓▓▓▓▓▓▓▓▓▓▓▓▓▓▓
________________'..|)..[..').....


You could see 5 orc knights and an orc high priest.

Vanquished Creatures
  Gastronok (D)
  An orc high priest (D)
  An unseen horror (D)
  2 orc knights (D)
  An orc sorcerer (D)
  A black mamba (D)
  2 komodo dragons (D)
  A troll (D)
  4 polar bears (D)
  2 blink frogs (D)
  A hippogriff (D)
  A yak (D)
  Grum (D)
  2 water moccasins (D)
  9 orc warriors (D)
  2 porcupines (D)
  5 black bears (D)
  A necrophage (D)
  A sky beast (D)
  An ogre (D)
  2 wolves (D)
  A centaur (D)
  5 crocodiles (D)
  3 bullfrogs (D)
  A scorpion (D)
  A howler monkey (D)
  An orc priest (D)
  2 hounds (D)
  6 orc wizards (D)
  An ooze (D)
  2 adder skeletons (D)
  A worm (D)
  A leopard gecko (D)
  6 orcs (D)
  A bat zombie (D)
  A goblin (D)
  A hobgoblin (D)
  A quokka (D)
  A frilled lizard (D)
78 creatures vanquished.

Notes
Turn   | Place    | Note
-------+----------+-------------------------------------------
     0 | D        | potatolord6000 the Gnoll Transmuter began the quest for the Orb.
     0 | D        | Reached XP level 1. HP: 17/17 MP: 6/6
     5 | D        | Reached skill level 1 in Long Blades
    15 | D        | Reached skill level 1 in Axes
    15 | D        | Reached skill level 1 in Armour
    15 | D        | Reached skill level 5 in Dodging
    15 | D        | Reached skill level 1 in Stealth
    15 | D        | Reached skill level 1 in Translocations
    15 | D        | Reached skill level 1 in Ice Magic
    19 | D        | Reached skill level 1 in Bows
    19 | D        | Reached skill level 1 in Air Magic
    21 | D        | Reached skill level 1 in Crossbows
    21 | D        | Reached skill level 5 in Spellcasting
    21 | D        | Reached skill level 1 in Charms
    21 | D        | Reached skill level 1 in Evocations
    21 | D        | Reached XP level 2. HP: 20/23 MP: 8/8
    65 | D        | Noticed a necrophage
    65 | D        | Noticed a scorpion
    65 | D        | Noticed an ogre
    69 | D        | Killed a necrophage
    69 | D        | Reached skill level 5 in Transmutations
    69 | D        | Reached XP level 3. HP: 29/29 MP: 8/10
    69 | D        | Reached XP level 4. HP: 35/35 MP: 8/11
    74 | D        | Reached XP level 5. HP: 42/42 MP: 9/13
    88 | D        | Killed an ogre
    88 | D        | Reached XP level 6. HP: 29/49 MP: 11/15
    97 | D        | Found a roughly hewn altar of Beogh.
    97 | D        | Found a snail-covered altar of Cheibriados.
    97 | D        | Found a shadowy altar of Dithmenos.
    97 | D        | Found a white marble altar of Elyvilon.
    97 | D        | Found a blossoming altar of Fedhas.
    97 | D        | Found an opulent altar of Gozag.
    98 | D        | Found a hazy altar of Hepliaklqana.
    99 | D        | Found a viscous altar of Jiyva.
   100 | D        | Found an ancient bone altar of Kikubaaqudgha.
   101 | D        | Found a corrupted altar of Lugonu.
   102 | D        | Found a burning altar of Makhleb.
   103 | D        | Found a sparkling altar of Nemelex Xobeh.
   104 | D        | Found an iron altar of Okawaru.
   105 | D        | Found a stormy altar of Qazlal.
   106 | D        | Found a sacrificial altar of Ru.
   107 | D        | Found a deep blue altar of Sif Muna.
   108 | D        | Found a bloodstained altar of Trog.
   109 | D        | Found a hide-covered altar of Uskayaw.
   110 | D        | Found a radiant altar of Vehumet.
   111 | D        | Found an ornate altar of the Wu Jian Council.
   112 | D        | Found a shimmering altar of Xom.
   113 | D        | Found a basalt altar of Yredelemnul.
   114 | D        | Found a glowing silver altar of Zin.
   115 | D        | Became a worshipper of Sif Muna the Loreminder
   116 | D        | Found a glowing golden altar of the Shining One.
   163 | D        | Learned a level 4 spell: Ice Form
   169 | D        | Learned a level 5 spell: Blade Hands
   212 | D        | Noticed a yak
   214 | D        | Reached skill level 5 in Axes
   214 | D        | Reached skill level 5 in Ice Magic
   217 | D        | Reached skill level 5 in Air Magic
   218 | D        | Reached skill level 5 in Crossbows
   222 | D        | Killed an unseen horror
   222 | D        | Reached * piety under Sif Muna
   222 | D        | Reached skill level 5 in Fighting
   222 | D        | Reached skill level 5 in Short Blades
   222 | D        | Reached skill level 5 in Long Blades
   222 | D        | Reached skill level 5 in Maces & Flails
   222 | D        | Reached skill level 5 in Polearms
   222 | D        | Reached skill level 5 in Staves
   222 | D        | Reached skill level 5 in Slings
   222 | D        | Reached skill level 5 in Bows
   222 | D        | Reached skill level 5 in Throwing
   222 | D        | Reached skill level 5 in Armour
   222 | D        | Reached skill level 5 in Stealth
   222 | D        | Reached skill level 5 in Shields
   222 | D        | Reached skill level 5 in Conjurations
   222 | D        | Reached skill level 5 in Hexes
   222 | D        | Reached skill level 5 in Charms
   222 | D        | Reached skill level 5 in Summonings
   222 | D        | Reached skill level 5 in Necromancy
   222 | D        | Reached skill level 5 in Translocations
   222 | D        | Reached skill level 5 in Fire Magic
   222 | D        | Reached skill level 5 in Earth Magic
   222 | D        | Reached skill level 5 in Poison Magic
   222 | D        | Reached skill level 5 in Invocations
   222 | D        | Reached skill level 5 in Evocations
   222 | D        | Reached XP level 7. HP: 57/57 MP: 13/18
   222 | D        | Reached XP level 8. HP: 64/64 MP: 13/19
   227 | D        | Killed a yak
   227 | D        | Reached ** piety under Sif Muna
   309 | D        | Noticed a troll
   329 | D        | Killed a troll
   329 | D        | Reached *** piety under Sif Muna
   546 | D        | Noticed a komodo dragon
   546 | D        | Noticed a komodo dragon
   547 | D        | Noticed a hippogriff
   551 | D        | Killed a komodo dragon
   551 | D        | Reached XP level 9. HP: 61/71 MP: 17/21
   561 | D        | Killed a komodo dragon
   562 | D        | Reached **** piety under Sif Muna
   742 | D        | Noticed a black mamba
   748 | D        | Reached skill level 10 in Unarmed Combat
   750 | D        | Reached ***** piety under Sif Muna
   752 | D        | Identified Sif Muna's Incunabulum of the Noxious Entourage (Sif Muna gifted it to you in the Dungeon)
   752 | D        | Received a gift from Sif Muna
   755 | D        | Killed a black mamba
   755 | D        | Reached XP level 10. HP: 79/80 MP: 18/23
   977 | D        | Reached skill level 10 in Spellcasting
  1000 | D        | Got the +4 dagger of Dismemberment {flame, Str+2}
  1320 | D        | Noticed Gastronok
  1333 | D        | Killed Gastronok
  1333 | D        | Received a gift from Sif Muna
  1333 | D        | Reached skill level 10 in Dodging
  1333 | D        | Reached skill level 10 in Transmutations
  1333 | D        | Reached XP level 11. HP: 45/89 MP: 23/25
  1528 | D        | Noticed Grum
  1538 | D        | Killed Grum
  1640 | D        | Noticed an orc sorcerer
  1646 | D        | Reached skill level 10 in Staves
  1653 | D        | Killed an orc sorcerer
  1664 | D        | Reached skill level 10 in Air Magic
  1764 | D        | Noticed an orc knight
  1765 | D        | Noticed an orc knight
  1774 | D        | Killed an orc knight
  1774 | D        | Identified Sif Muna's Handbook of Twisted Protection (Sif Muna gifted it to you in the Dungeon)
  1774 | D        | Received a gift from Sif Muna
  1774 | D        | Reached skill level 10 in Poison Magic
  1780 | D        | Reached skill level 10 in Axes
  1783 | D        | Killed an orc knight
  1783 | D        | Reached skill level 10 in Maces & Flails
  1790 | D        | Reached skill level 10 in Polearms
  1790 | D        | Reached skill level 10 in Charms
  1810 | D        | Reached skill level 10 in Summonings
  2094 | D        | Found Loam's Antique Weapon Emporium.
  2094 | D        | Noticed an orc high priest
  2094 | D        | Noticed an orc knight
  2094 | D        | Noticed an orc high priest
  2094 | D        | Noticed an orc knight
  2094 | D        | Noticed an orc knight
  2095 | D        | Noticed an orc knight
  2097 | D        | Killed an orc high priest
  2097 | D        | Reached skill level 10 in Short Blades
  2097 | D        | Reached skill level 10 in Crossbows
  2097 | D        | Reached skill level 10 in Stealth
  2097 | D        | Reached skill level 10 in Necromancy
  2097 | D        | Reached skill level 10 in Translocations
  2097 | D        | Reached skill level 10 in Ice Magic
  2097 | D        | Reached skill level 10 in Invocations
  2098 | D        | Noticed an orc knight
  2098 | D        | Found Acraha's Assorted Antiques.
  2103 | D        | Slain by an orc knight

Vault maps used:
D:        linesprint

Skill      XL: |  1  2  3  4  5  6  7  8  9 10 11 |
---------------+----------------------------------+-----
Long Blades    | 1 3 4 5 6 7 9 |  9.8
Axes           | 2 3 4 6 7 8 9 10 | 10.3
Armour         | 1 2 3 5 7 8 9 |  9.6
Dodging        | 5 6 7 8 9 10 | 10.8
Stealth        | 1 3 4 5 6 7 9 10 | 10.0
Translocations | 1 2 3 4 5 6 7 9 10 | 10.0
Ice Magic      | 2 3 4 6 7 9 10 | 10.0
Bows           | 1 2 3 5 7 8 9 |  9.8
Air Magic      | 1 3 4 6 7 8 9 10 | 10.3
Crossbows      | 1 3 4 6 8 9 10 | 10.0
Spellcasting   | 5 6 7 8 9 10 11 | 11.5
Charms         | 1 3 4 5 6 8 9 10 | 10.1
Evocations     | 1 2 3 4 5 6 7 8 9 |  9.4
Fighting       | 3 4 5 6 8 9 |  9.9
Short Blades   | 2 3 5 6 8 9 10 | 10.0
Maces & Flails | 2 3 5 6 8 9 10 | 10.1
Polearms       | 2 3 5 7 8 9 10 | 10.0
Staves         | 2 3 4 5 6 8 9 10 | 10.4
Slings         | 2 3 5 6 7 8 9 |  9.6
Throwing       | 2 3 5 6 7 8 9 |  9.8
Shields        | 2 3 5 6 7 9 |  9.8
Unarmed Combat | 7 8 9 10 11 | 11.6
Conjurations   | 2 3 5 7 8 9 |  9.9
Hexes          | 2 3 5 7 8 9 |  9.8
Summonings     | 2 3 5 6 7 9 10 | 10.1
Necromancy     | 2 3 5 6 8 9 10 | 10.0
Transmutations | 5 6 7 8 10 | 10.8
Fire Magic     | 2 3 5 6 7 8 9 |  9.6
Earth Magic    | 2 3 5 6 7 9 |  9.8
Poison Magic   | 2 3 4 5 6 8 9 10 | 10.4
Invocations    | 2 3 5 6 8 9 10 | 10.0

Action                   |  1- 3 |  4- 6 |  7- 9 | 10-12 || total
-------------------------+-------+-------+-------+-------++-------
Melee: Unarmed           |    19 |    20 |    62 |   129 ||   230
       Kick              |     3 |     3 |       |       ||     6
       Punch             |       |     1 |       |     4 ||     5
       Bite              |       |       |       |     9 ||     9
       Dagger            |       |       |       |     1 ||     1
 Cast: Beastly Appendage |     2 |     1 |       |       ||     3
       Ice Form          |       |     1 |     2 |     3 ||     6
       Blade Hands       |       |       |     1 |     4 ||     5
  Use: Potion            |     1 |     2 |     1 |     6 ||    10
       Scroll            |       |     2 |       |       ||     2
 Stab: Sleeping          |       |     1 |     5 |     1 ||     7
       Invisible         |       |       |       |     2 ||     2
  Eat: Meat ration       |       |       |       |     2 ||     2
       Bread ration      |       |       |       |     1 ||     1
Armor: Robe              |     1 |       |       |     3 ||     4
       Skin              |       |     3 |     7 |    10 ||    20
Dodge: Dodged            |    10 |     8 |    31 |    84 ||   133

Table legend:
 A = Spawn XP
 B = Non-spawn XP
 C = Spawn XP percentage of total XP
 D = Spawn monster count
 E = Non-spawn monster count
 F = Spawn count percentage of total count
 G = Total turns spent on level
                    A         B        C        D         E        F      G
               +---------+---------+-------+---------+---------+-------+---------
         Total |       0 |   13997 |   0.0 |       0 |      78 |   0.0 |  2103
               +---------+---------+-------+---------+---------+-------+---------
             D |       0 |   13997 |   0.0 |       0 |      78 |   0.0 |  2103
               +---------+---------+-------+---------+---------+-------+---------
